 Dungeon Crawl Stone Soup version 0.22-a0-223-g0f5d773 (webtiles) character file.

7 sankara the Grave Robber (level 2, 16/22 HPs)
             Began as a Ghoul Necromancer on Feb 18, 2018.
             Safely got out of the dungeon.
             The game lasted 00:01:13 (279 turns).

sankara the Grave Robber (Ghoul Necromancer)         Turns: 279, Time: 00:01:13

Health: 16/22      AC:  2    Str: 11    XL:     2   Next: 0%
Magic:  3/3        EV: 12    Int: 10    God:
Gold:   0          SH:  0    Dex:  9    Spells: 3/4 levels left

rFire    . . .     SeeInvis .   f - -3 short sword (curse)
rCold    + . .     Gourm    .   (no shield)
rNeg     + + +     Faith    .   a - +0 robe
rPois    ∞         Spirit   .   (no helmet)
rElec    .         Reflect  .   (no cloak)
rCorr    .         Harm     .   (no gloves)
MR       .....                  (no boots)
Stlth    ++........             (no amulet)
HPRegen  0.07/turn              (no ring)
MPRegen  0.08/turn              (no ring)

@: rotting
A: rotting body, claws 1, carnivore, cold resistance 1, negative energy
resistance 3, inhibited regeneration, torment resistance, unbreathing
a: no special abilities


You escaped.
You were not hungry.

You visited 1 branch of the dungeon, and saw 1 of its levels.

Inventory:

Hand Weapons
 f - a cursed -3 short sword (weapon)
   (You took it off a kobold on level 1 of the Dungeon)
Armour
 a - a +0 robe (worn)
Potions
 e - a potion of cancellation {unknown}
Comestibles
 b - 2 rations
 d - 3 chunks of flesh {@w0}


   Skills:
 + Level 0.8 Fighting
 - Level 1.7 Dodging
 + Level 2.5 Stealth
 - Level 1.7 Spellcasting
 + Level 4.1 Necromancy


You had 3 spell levels left.
You knew the following spells:

 Your Spells              Type           Power        Failure   Level  Hunger
a - Pain                  Necr           #...         6%          1    ##.....


Dungeon Overview and Level Annotations

Branches:
Dungeon (1/15)

Altars:


Innate Abilities, Weirdness & Mutations

Your body is rotting away.
You thrive on raw meat.
You are immune to poison.
You have sharp fingernails.
You are carnivorous and can eat meat at any time.
Your flesh is cold resistant. (rC+)
You are immune to negative energy. (rN+++)
You do not regenerate when monsters are visible.
You are immune to unholy pain and torment.
You can survive without breathing.


Message History

There is an open door here.
You open the door.
A ball python comes into view.
There is an open door here.
The helpless ball python fails to defend itself.
You scratch the ball python.
The ball python is severely wounded.
The ball python bites you. The ball python barely misses you.
You scratch the ball python but do no damage.
The ball python is severely wounded.
The ball python closely misses you. The ball python grabs you.
The ball python constricts you. The ball python completely misses you.
The ball python constricts you.
You scratch the ball python.
You kill the ball python!
You see here a ball python corpse.
You butcher the ball python corpse.
d - 3 chunks of flesh {@w0}
There is an open door here.
You close the door.
You start resting.
HP restored.
You open the door.
There is an open door here.
You open the door.
There is an open door here.
b - 2 rations (gained 1)
e - a fuming pink potion
Found a stone staircase leading down.
An ooze comes into view.
A kobold comes into view. It is wielding a short sword.
You scratch the ooze.
The ooze is moderately wounded.
The ooze hits you but does no damage.
You barely miss the ooze.
The ooze is moderately wounded.
The kobold shouts!
The ooze closely misses you.
You scratch the ooze.
The ooze is heavily wounded.
The ooze hits you. The kobold misses you.
You are too injured to fight recklessly!
You are too injured to fight recklessly!
You are too injured to fight recklessly!
You are too injured to fight recklessly!
You scratch the ooze.
The ooze is heavily wounded.
The ooze hits you.
You scratch the ooze.
The ooze is severely wounded.
The ooze hits you.
You scratch the ooze.
The ooze is severely wounded.
The ooze hits you but does no damage.
You scratch the ooze.
The ooze is almost dead.
The ooze completely misses you.
You scratch the ooze.
You kill the ooze!
You closely miss the kobold. The kobold closely misses you.
You scratch the kobold.
The kobold is moderately wounded.
The kobold barely misses you.
You closely miss the kobold.
The kobold is moderately wounded.
The kobold hits you but does no damage.
You barely miss the kobold.
The kobold is moderately wounded.
The kobold barely misses you.
You barely miss the kobold.
The kobold is moderately wounded.
The kobold closely misses you.
You scratch the kobold.
You kill the kobold!
You have reached level 2!
f - a short sword You see here a kobold corpse.
Wear which item? (? for menu, Esc to quit)
Okay, then.
Wield which item (- for none, * to show all)? (? for menu, Esc to quit)
It sticks to your claw!
f - a cursed -3 short sword (weapon)
As you read the scroll labeled YMADUO YFUEDEX, it crumbles to dust.
You assume a fearsome visage.
Nothing appears to happen.
It was a scroll of fear.
You aren't carrying any scrolls.
Unknown command.
There is an open door here.
There is an open door here.
There is an open door here.
There is an open door here.
There is an open door here.
There is an open door here.
There is an open door here.
There is an open door here.
There is an open door here.
There is a staircase leading out of the dungeon here.
Are you sure you want to leave the Dungeon?
This will make you lose the game!
You have escaped!

#....'.........#
######.#########.#
........'.......#.#
###############.#.#
#......'.....# #.#
#.##########.# #.#
#.# #.# #.# #.#
###### #.# #.# #.#
#..'@# #.# #.# #.#
#..### #'# #'# #'#
#'## #.# #.# #.#
#.# #.# #.# #.#
#.######.# #.# #.#
#...'....# #.# #.#
########## #.# #.#
#.#
#.##############.#


There were no monsters in sight!

Vanquished Creatures
  An ooze (D:1)
  A kobold (D:1)
  A ball python (D:1)
3 creatures vanquished.

Notes
Turn   | Place    | Note
-------+----------+-------------------------------------------
     0 | D:1      | sankara the Ghoul Necromancer began the quest for the Orb.
     0 | D:1      | Reached XP level 1. HP: 14/14 MP: 2/2
   183 | D:1      | Reached XP level 2. HP: 9/22 MP: 3/3
   279 | D:$      | Safely got out of the dungeon.

Vault maps used:
D:1:      minmay_arrival_widening_spiral_narrow

Action                   || total
-------------------------++-------
Melee: Unarmed           ||    17
  Use: Scroll            ||     1
 Stab: Sleeping          ||     1
Armor: Robe              ||     2
Dodge: Dodged            ||    10

Table legend:
 A = Spawn XP
 B = Non-spawn XP
 C = Spawn XP percentage of total XP
 D = Spawn monster count
 E = Non-spawn monster count
 F = Spawn count percentage of total count
 G = Total turns spent on level
                    A         B        C        D         E        F      G
               +---------+---------+-------+---------+---------+-------+---------
         Total |       0 |      10 |   0.0 |       0 |       3 |   0.0 |   279
               +---------+---------+-------+---------+---------+-------+---------
           D:1 |       0 |      10 |   0.0 |       0 |       3 |   0.0 |   279
               +---------+---------+-------+---------+---------+-------+---------

Vault maps used:
D:1:      minmay_arrival_widening_spiral_narrow

Table legend:
 A = Turns spent in this place as a percentage of turns spent in the entire game.
 B = Non-inter-level travel turns spent in this place as a percentage of non-inter-level travel turns spent in the entire game.
 C = Inter-level travel turns spent in this place as a percentage of turns spent in this place.
 D = Turns resting spent in this place as a percentage of non-inter-level travel turns spent in this place.
 E = Turns spent auto-exploring this place as a percentage of non-inter-level travel turns spent in this place.
 F = Non-inter-level travel turns spent in this place divided by the number of levels of this place that you've seen.
                   A       B       C       D       E      F
               +-------+-------+-------+-------+-------+----------------------
         Total | 100.0 | 100.0 |  32.3 |  14.3 |  63.0 | 189.0
       Dungeon | 100.0 | 100.0 |  32.3 |  14.3 |  63.0 | 189.0
               +-------+-------+-------+-------+-------+----------------------

Table legend:
 A = Kills in this place as a percentage of kills in entire the game.
 B = Kills by you in this place as a percentage of kills by you in the entire game.
 C = Kills by friends in this place as a percentage of kills by friends in the entire game.
 D = Other kills in this place as a percentage of other kills in the entire game.
 E = Experience gained in this place as a percentage of experience gained in the entire game.
 F = Experience gained in this place divided by the number of levels of this place that you have seen.
                   A       B       C       D       E      F
               +-------+-------+-------+-------+-------+----------------------
         Total | 100.0 | 100.0 |   N/A |   N/A | 100.0 |  10.0
       Dungeon | 100.0 | 100.0 |   N/A |   N/A | 100.0 |  10.0
               +-------+-------+-------+-------+-------+----------------------
